AoeStats
← Iamak3186

Arabia

503998853Analyzed
1v1 RM · 1mo ago on Sep 3, 2026· 21m 11s· 2 players
Game mode
Random Map
Map size
Tiny (2 player)
Population
200
Speed
Normal
Resources
Standard
Victory
Conquest
Starting age
Dark Age
Ending age
Imperial Age
RankedLock teamsTeams togetherTeam positionsShared explorationLock speedFull tech treeHidden civsTurbo modeCheats
Victory
Defeat
🇻🇪 Sicilians · Venezuela
1292
+15
🇮🇳 Mongols · India
1261
-15
Iamak3186
6:19 Loom
8:31 Feudal Age
11:30 Double-Bit Axe
19:54 Castle Age
18:54 Fletching
19:01 Gold Mining
20:07 Bloodlines
Noso_vinci
4:09 Loom
7:50 Loom
10:34 Feudal Age
15:19 Castle Age
17:27 Scale Mail Armor
19:59 Chain Mail Armor
Connection lost

Rejoining the realm…

Still unreachable

The connection could not be restored.

Session expired

The server has moved on; the page needs a fresh start.